 Dungeon Crawl Stone Soup version 0.30-a0-949-g53dc5368d7 (webtiles) character file.

Game seed: 15157997837720018596

585 cforsyth the Trooper (level 7, -8/59 HPs)
             Began as a Formicid Fighter on Mar 28, 2023.
             Mangled by Menkaure (15 damage)
             ... on level 4 of the Dungeon.
             The game lasted 00:03:46 (3704 turns).

cforsyth the Trooper (Formicid Fighter)             Turns: 3704, Time: 00:03:47

Health: -8/59      AC:  8    Str: 22    XL:     7   Next: 64%
Magic:  7/7        EV:  9    Int:  8    God:
Gold:   209        SH:  5    Dex: 13    Spells: 6/6 levels left

rFire   . . .      SeeInvis +    a - +0 flail
rCold   . . .      Faith    .    c - +0 buckler
rNeg    . . .      Spirit   .    b - +0 scale mail
rPois   .          Reflect  .    (helmet unavailable)
rElec   .          Rampage  .    h - +0 cloak
rCorr   .                        (no gloves)
Will    .....                    (no boots) Stlth
                                 (no amulet)
HPRegen 0.29/turn                (no ring)
MPRegen 0.10/turn                (no ring)

@: mighty
A: permanent stasis, dig shafts and tunnels, antennae 3, four strong arms
a: Dig, Shaft Self


You were on level 4 of the Dungeon.
You visited 1 branch of the dungeon, and saw 4 of its levels.

You collected 209 gold pieces.

Inventory:

Hand Weapons
 a - a +0 flail (weapon)
Armour
 b - a +0 scale mail (worn)
 c - a +0 buckler (worn)
 h - a +0 cloak (worn)
Jewellery
 g - a ring of wizardry
 l - a ring of ice
Scrolls
 f - 2 scrolls of blinking {unknown}
 j - a scroll of immolation {unknown}
 k - a scroll of noise {unknown}
 m - 2 scrolls of teleportation {unknown}
 n - 2 scrolls of fear {unknown}
 o - a scroll of acquirement {unknown}
 q - a scroll of identify {unknown}
 r - 4 scrolls of enchant armour {unknown}
Potions
 e - a potion of curing {unknown}
 i - 3 potions of brilliance {unknown}
 p - a potion of degeneration {unknown}
 s - a potion of lignification {unknown}
 t - 2 potions of heal wounds {unknown}


   Skills:
 + Level 6.8 Fighting
 + Level 5.7 Maces & Flails
 - Level 3.2 Armour
 - Level 4.0 Shields


You had 6 spell levels left.
You didn't know any spells.
Your spell library contained the following spells:

 Spells                   Type           Power      Damage    Failure   Level
 Static Discharge         Conj/Air       0%         2-2/arc   91%         2
 Dazzling Flash           Conj/Hex       0%         N/A       99%         3
 Vhi's Electric Charge    Tloc/Air       0%         N/A       99%         3
 Iskenderun's Mystic Bla  Conj/Tloc      0%         2d3       100%        4
 Arcjolt                  Conj/Air       0%         1d10      100%        5
 Plasma Beam              Fire/Air       0%         2x1d11    100%        5
 Starburst                Conj/Fire      0%         6d3       100%        6


Dungeon Overview and Level Annotations

Branches:
Dungeon (4/15)
 Temple: D:4-7

Altars:
Uskayaw

Shops:
D:2 [

Annotations:
D:4 Menkaure


Innate Abilities, Weirdness & Mutations

You cannot be hasted, slowed, berserked, paralysed or teleported.
You can dig through walls and to a lower floor.
You have a pair of large antennae on your head. (SInv)
Your four strong arms can wield two-handed weapons with a shield.


Message History

You see here the felid corpse of Natasha.
You open the door.
There is an open door here.
You sense a monster nearby.
Menkaure, Prince of Dust comes into view.
Pikel shouts!
Menkaure moves out of view.
Pikel is nearby!
Found a lead wand.
Pikel zaps a wand.
The mass of ice explodes!
The iceblast engulfs you!
You hear a shout!
You sock Pikel!
Pikel is moderately wounded.
Pikel barely misses you.
You hit Pikel.
Pikel is moderately wounded.
You block Pikel's attack.
You feel very mighty all of a sudden.
Pikel hits you with a +1 whip of electrocution.
Menkaure calls on the powers of darkness!
Your body is wracked with pain!
Pikel convulses!
You sock Pikel!
Pikel is severely wounded.
Pikel hits you with a +1 whip of electrocution.
You thump Pikel!
You kill Pikel!
With Pikel's spell broken, his former minion thanks you for its freedom.
The lemure departs this earthly plane.
Menkaure casts a spell.
Menkaure seems to speed up.
Your Fighting skill increases to level 6!
Your Maces & Flails skill increases to level 5!
You have reached level 7!
Unknown command.
Menkaure hits you!
* * * LOW HITPOINT WARNING * * *
You hit Menkaure.
Menkaure is lightly damaged.
Menkaure hits you!
You die...

#.. ##........#### #..#
#.....#...'... .
#..###.##..##..#### #.
##..##..##..#...#...
#.##...##.###..#..##.##
#..#......###....###...
#..........##......####
#.....M.##..#........##
###./##...@.###....####...#
##.....####...## ##..###.....#
.#.........#>.)# ##...........
...............####............
#..#.......ยง.....#...#.........
.........................>....
#..................###..###.
#................####..# #.
#......)###......###..## ##


You could see Menkaure (fast).

Vanquished Creatures
  Pikel (D:4)
  Sigmund (D:3)
  3 lemures
  Natasha (D:4)
  3 adders
  A worm (D:2)
  A dart slug (D:1)
  An orc (D:3)
  3 ball pythons
  5 bats
  3 endoplasms
  2 giant cockroaches (D:1)
  8 goblins
  3 hobgoblins
  2 jackals (D:2)
  5 quokkas
  4 frilled lizards
  6 kobolds
  9 rats
62 creatures vanquished.

Notes
Turn   | Place    | Note
-------+----------+-------------------------------------------
     0 | D:1      | cforsyth the Formicid Fighter began the quest for the Orb.
     0 | D:1      | Reached XP level 1. HP: 18/18 MP: 1/1
   109 | D:1      | Reached XP level 2. HP: 24/24 MP: 2/2
   377 | D:1      | Reached XP level 3. HP: 30/30 MP: 3/3
   415 | D:1      | Reached skill level 4 in Fighting
   818 | D:2      | Found Beyfeam's Antique Armour Emporium.
  1181 | D:2      | Reached XP level 4. HP: 31/37 MP: 4/4
  1246 | D:3      | Found a hide-covered altar of Uskayaw.
  1249 | D:3      | Noticed Sigmund
  1421 | D:3      | Killed Sigmund
  1422 | D:3      | Reached skill level 5 in Fighting
  1422 | D:3      | Reached XP level 5. HP: 38/44 MP: 5/5
  1422 | D:3      | Reached XP level 6. HP: 44/51 MP: 6/6
  2228 | D:4      | Noticed Pikel
  2251 | D:4      | Identified the +4 helmet "Wethre" {rPois}
  3597 | D:4      | Noticed Natasha
  3602 | D:4      | Killed Natasha
  3694 | D:4      | Noticed Menkaure
  3702 | D:4      | Killed Pikel
  3703 | D:4      | Reached skill level 6 in Fighting
  3703 | D:4      | Reached skill level 5 in Maces & Flails
  3703 | D:4      | Reached XP level 7. HP: 19/59 MP: 7/7
  3704 | D:4      | Mangled by Menkaure

Illustrated notes

Levels and vault maps discovered:
D:1:      lightli_arrival_windingriver, layout_basic
D:2:      layout_rooms, serial_shops, shop, minmay_misc_feat_square,
          kennysheep_generic_room_10
D:3:      minmay_angry_zag, layout_loops_cross, lemuel_crystal_altar,
          minmay_misc_feat_rugged, uniq_sigmund
D:4:      layout_layer_cave, kennysheep_big_empty_room, roderic_serpentine_path,
          uniq_menkaure, uniq_natasha, uniq_pikel

Skill      XL: |  1  2  3  4  5  6 |
---------------+-------------------+-----
Fighting       | 4 5 6 |  6.8
Maces & Flails | 3 4 5 |  5.7
Armour         | |  3.2
Shields        | |  4.0

Action                     |  1- 3 |  4- 6 |  7- 9 || total
---------------------------+-------+-------+-------++-------
  Melee: Flail             |    95 |   126 |     1 ||   222
    Use: Potion            |       |     1 |       ||     1
 Armour: Scale mail        |    50 |    55 |       ||   105
  Dodge: Dodged            |    53 |    64 |       ||   117
  Block: Buckler           |    30 |    35 |       ||    65

Table legend: (Time is in decaauts)
 A = Elapsed time spent in this place.
 B = Non-inter-level travel time spent in this place.
 C = Inter-level travel time spent in this place.
 D = Time resting spent in this place.
 E = Time spent auto-exploring this place.
 F = Levels seen in this place.
 G = Mean time per level.
                   A        B        C        D        E       F      G
               +--------+--------+--------+--------+--------+-----+--------+
         Total |   3765 |   3573 |    192 |    723 |   2255 |   4 |  941.2 |
       Dungeon |   3765 |   3573 |    192 |    723 |   2255 |   4 |  941.2 |
               +--------+--------+--------+--------+--------+-----+--------+

Top non-repeatable levels by time:
     D:3: 1298 daAuts
     D:4: 859 daAuts
     D:1: 838 daAuts
     D:2: 767 daAuts
